 Dungeon Crawl Stone Soup version 0.25-a0-310-g60f0ac2d9a (webtiles) character file.

Game seed: 17989614280282484244, levelgen mode: deterministic

30 Lanoc the Insei (level 3, -4/20 HPs)
             Began as a Kobold Transmuter on Dec 23, 2019.
             Slain by a gnoll
             ... wielding a +0 whip
              (8 damage)
             ... on level 1 of the Dungeon.
             The game lasted 00:01:39 (1470 turns).

Lanoc the Insei (Kobold Transmuter)                 Turns: 1470, Time: 00:01:39

Health: -4/20      AC:  2    Str:  7    XL:     3   Next: 37%
Magic:  5/6        EV: 16    Int: 15    God:
Gold:   53         SH:  0    Dex: 15    Spells: 5/6 levels left

rFire    . . .     SeeInvis .     - Unarmed
rCold    . . .     Gourm    .   (shield restricted)
rNeg     . . .     Faith    .   b - +0 robe
rPois    .         Spirit   .   (no helmet)
rElec    .         Reflect  .   (no cloak)
rCorr    .         Harm     .   (no gloves)
MR       .....                  (no boots)
Stlth    +.........             (no amulet)
HPRegen  0.06/turn              f - +1 ring of evasion
MPRegen  0.10/turn              (no ring)

@: appendage
A: small, horns 2, carnivore
a: End Transformation


You were on level 1 of the Dungeon.
You were completely stuffed.
You had grown temporary horns.
You visited 1 branch of the dungeon, and saw 2 of its levels.

You collected 53 gold pieces.

Inventory:

Missiles
 a - 40 arrows
Armour
 b - a +0 robe (worn)
Jewellery
 f - a +1 ring of evasion (left hand)
Scrolls
 c - 2 scrolls of identify {unknown}
 g - a scroll of remove curse {unknown}
Potions
 e - a potion of heal wounds {unknown}
Comestibles
 d - a ration
 h - 3 chunks of flesh


   Skills:
 + Level 1.5 Fighting
 + Level 2.7 Dodging
 * Level 3.3 Unarmed Combat
 + Level 2.4 Spellcasting
 * Level 2.6 Transmutations


You had 5 spell levels left.
You knew the following spells:

 Your Spells              Type           Power        Failure   Level  Hunger
a - Beastly Appendage     Tmut           #.....       8%          1    #......

Your spell library contained the following spells:

 Spells                   Type           Power        Failure   Level  Hunger
 Sticks to Snakes         Tmut           #.......     11%         2    ###....
 Spider Form              Tmut/Pois      #.........   36%         3    ###....
 Ice Form                 Ice/Tmut       #.......     77%         4    #####..
 Blade Hands              Tmut           #.........   90%         5    ######.


Dungeon Overview and Level Annotations

Branches:
Dungeon (2/15)

Altars:


Innate Abilities, Weirdness & Mutations

You are small and have problems with some larger weapons.
You are carnivorous and can eat meat at any time.
You have a pair of horns on your head.


Message History

The gnoll misses you.
Your horns disappear.
Found a stone staircase leading up.
There is a stone staircase leading up here.
The gnoll misses you.
You climb upwards.
There is a stone staircase leading down here.
Casting: Beastly Appendage (safe; 8% risk of failure)
Confirm with . or Enter, or press ? or * to list all spells.
You grow a pair of large bovine horns.
The gnoll misses you.
You barely miss the gnoll.
The gnoll is heavily wounded.
The gnoll closely misses you.
You barely miss the gnoll. Your punch misses the gnoll.
The gnoll is heavily wounded.
The gnoll misses you.
You hit the gnoll.
The gnoll is heavily wounded.
The gnoll hits you with a +0 whip!
You die...

##### ....# ###.# ##### #####
..#.# ##.#.## #.... #.#.#
#.....##### #.### #.#.#
##.#.#....# #.# #.#.#
#.......>.########.# #.#.#
###.#.#....'......#.# #.#.#
#...>.@g...#####.##.#
#.#.#######.#.#.#....# #.##.###
#....#...........##+######'##'#..
#....#......#.#.###.# #...)......
#....#............#.# #..........
#.#.##......#.#.#...# #..........
#.#..'............#.# #..........
#.####......#.#.###.# #..........
..# #.#####.....##.# #..........


You could see a gnoll.

Vanquished Creatures
  A gnoll (D:1)
  A worm (D:2)
  A leopard gecko (D:1)
  3 giant cockroaches (D:1)
  2 goblins (D:1)
  3 hobgoblins (D:1)
  2 frilled lizards (D:1)
  4 rats
17 creatures vanquished.

Notes
Turn   | Place    | Note
-------+----------+-------------------------------------------
     0 | D:1      | Lanoc the Kobold Transmuter began the quest for the Orb.
     0 | D:1      | Reached XP level 1. HP: 12/12 MP: 3/3
   426 | D:1      | Reached XP level 2. HP: 16/16 MP: 3/5
  1256 | D:1      | Reached XP level 3. HP: 12/20 MP: 4/6
  1470 | D:1      | Slain by a gnoll

Levels and vault maps discovered:
D:1:      sevenhm_arrival_forest_fort_small_3, layout_basic,
          serial_bayou_pond_d, st_stairs_13
D:2:      layout_rooms, serial_forest, infiniplex_forest_clump_long,
          infiniplex_forest_lined_corner, infiniplex_forest_lined_room_3,
          infiniplex_forest_straight_4, infiniplex_forest_straight_4,
          infiniplex_forest_zigzag_2, infiniplex_forest_end_double, st_stairs_3

Action                   || total
-------------------------++-------
Melee: Unarmed           ||    81
       Kick              ||     6
       Headbutt          ||     5
       Punch             ||     1
 Cast: Beastly Appendage ||    13
  Eat: Chunk             ||    10
Armor: Robe              ||     2
Dodge: Dodged            ||    73

Table legend:
 A = Non-vault XP
 B = Vault XP
 C = Vault XP percentage of total XP
 D = Non-vault monster count
 E = Vault monster count
 F = Vault count percentage of total count
                 A         B        C        D         E       F
            +---------+---------+-------+---------+---------+-------
      Total |      41 |       3 |   6.8 |      15 |       2 |  11.8
            +---------+---------+-------+---------+---------+-------
        D:1 |      35 |       3 |   7.9 |      13 |       2 |  13.3
        D:2 |       6 |       0 |   0.0 |       2 |       0 |   0.0
            +---------+---------+-------+---------+---------+-------
